 Dungeon Sprint DCSS version 0.29.1-15-g9cfb28693d (webtiles) character file.

Game seed: 16754184178841419209

935 boopmooplesden the Carver (level 7, 0/77 HPs)
             Began as a Minotaur Berserker on Mar 13, 2023.
             Was a High Priest of Trog.
             Splashed by a jelly's acid (9 damage)
             ... in the Dungeon (Sprint III: "The Ten Rune Challenge").
             The game lasted 00:01:43 (965 turns).

boopmooplesden the Carver (Minotaur Berserker)       Turns: 965, Time: 00:01:44

Health: 0/77       AC:  6    Str: 24    XL:     7   Next: 87%
Magic:  6/6        EV: 13    Int:  4    God:    Trog [*****.]
Gold:   20         SH:  0    Dex:  9    Spells: 6/6 levels left

rFire   . . .      SeeInvis .   r - +2 long sword (holy)
rCold   + . .      Faith    .   (no shield)
rNeg    . . .      Spirit   .   q - +0 ring mail
rPois   .          Reflect  .   (helmet restricted)
rElec   .          Harm     .   (no cloak)
rCorr   .          Rampage  .   (no gloves)
Will    .....      NoTele   +   (no boots)
Stlth   +.........              (no amulet)
HPRegen 0.22/turn               (no ring)
MPRegen 0.10/turn               (no ring)

@: on berserk cooldown, slowed, very slow
A: horns 2, retaliatory headbutt, cold resistance 1, sturdy frame 1
a: Renounce Religion, Berserk, Trog's Hand, Brothers in Arms


You were in the Dungeon.
You worshipped Trog.
Trog was extremely pleased with you.
You visited 1 branch You collected 20 gold pieces.

Inventory:

Hand Weapons
 a - a +0 falchion
 r - a +2 long sword of holy wrath (weapon)
Armour
 b - a +0 animal skin
 q - a +0 ring mail (worn)
Jewellery
 i - a ring of see invisible
Wands
 o - a wand of paralysis (4)
Scrolls
 h - a scroll of blinking
 j - a scroll of torment {unknown}
 k - 4 scrolls of identify
 m - a scroll of immolation {unknown}
Potions
 c - a potion of curing
 d - 2 potions of heal wounds
 e - a potion of haste
 f - 2 potions of magic
 g - a potion of berserk rage
 l - a potion of brilliance {unknown}
 n - 2 potions of flight
 p - 2 potions of might


   Skills:
 + Level 12.1 Fighting
 + Level 14.5 Long Blades
 + Level 6.0 Armour
 + Level 7.1 Dodging
 + Level 0.4 Stealth


You had 6 spell levels left.
You didn't know any spells.
Your spell library was empty.

Dungeon Overview and Level Annotations

Branches:
Dungeon (1/1)

Altars:
Dithmenos
Elyvilon
Kikubaaqudgha
Okawaru
Ru
Sif Muna
Trog
Uskayaw
Vehumet
Wu Jian
Yredelemnul
Zin
The Shining One


Innate Abilities, Weirdness & Mutations

You have a pair of horns on your head.
You reflexively headbutt those who attack you in melee.
Your flesh is cold resistant. (rC+)
Your movements are slightly less encumbered by armour. (ER -2)


Message History

There is an open door here.
You hit the shadow.
The shadow convulses.
The shadow is lightly damaged.
The shadow hits you.
You hit the shadow.
The shadow convulses.
The shadow is moderately damaged.
The jelly closely misses you. You furiously retaliate!
You headbutt the jelly.
The shadow slips into darkness.
The shadow flickers and vanishes!
Deactivating autopickup; reactivate with Ctrl-A.
You closely miss something. Your headbutt misses something.
The jelly hits you but does no damage.
The shadow strikes at you from the darkness!
Reactivating autopickup.
You hit the shadow but do no damage.
The shadow is moderately damaged.
The jelly hits you.
You are splashed with acid!
The shadow slips into darkness.
The shadow flickers and vanishes!
Deactivating autopickup; reactivate with Ctrl-A.
You slash the jelly!
Your hands burn!
The jelly is severely wounded.
The jelly hits you but does no damage.
The shadow strikes at you from the darkness!
* * * LOW HITPOINT WARNING * * *
Reactivating autopickup.
You're still recovering from your berserk rage.
You closely miss the shadow. Your headbutt misses the shadow.
The shadow is moderately damaged.
The jelly hits you but does no damage.
The shadow slips into darkness.
The shadow flickers and vanishes!
Deactivating autopickup; reactivate with Ctrl-A.
You slash something! Trog accepts your kill.
Reactivating autopickup.
You feel a bit more experienced. The jelly hits you.
* * * LOW HITPOINT WARNING * * *
You are splashed with acid!
You die...

▓ ▓▓▓ ♣
♣.############ ♣
♣♣.#___#___#__# ♣
..#...#__)#._# ♣♣
♣♣.###'#'###)##
.♣♣♣..#..........#
~.♣♣♣.'.⌠........#
~~~.♣.#...######@#
~~....#.⌠.# #..J#
~.....#...# #...#
......#'### #...#
......#.§:# #...+
÷.....#__§# +...#
▓▓▓▓▓▓▓▓▓▓▓ ▓▓▓▓▓


You could see a jelly.

Vanquished Creatures
  A deep elf pyromancer (D)
  A shadow (D)
  A necrophage (D)
  A water elemental (D)
  A wizard (D)
  A necromancer (D)
  A kobold demonologist (D)
  3 humans (D)
  A wolf (D)
  An endoplasm (D)
  3 rats (D)
15 creatures vanquished.

Notes
Turn   | Place    | Note
-------+----------+-------------------------------------------
     0 | D        | boopmooplesden the Minotaur Berserker began the quest for
                  | the Orb.
     0 | D        | Reached XP level 1. HP: 19/19 MP: 0/0
     8 | D        | Reached skill level 4 in Long Blades
    14 | D        | Reached ** piety under Trog
   161 | D        | Reached skill level 5 in Fighting
   161 | D        | Reached skill level 5 in Long Blades
   161 | D        | Reached XP level 2. HP: 16/29 MP: 1/1
   313 | D        | Reached skill level 6 in Long Blades
   313 | D        | Reached XP level 3. HP: 28/37 MP: 2/2
   335 | D        | Gained mutation: Your body sometimes deteriorates upon
                  | taking damage. [potion of mutation]
   335 | D        | Gained mutation: Your muscles are strong. (Str +4, Int/Dex
                  | -1) [potion of mutation]
   336 | D        | Lost mutation: Your body sometimes deteriorates upon taking
                  | damage. [potion of mutation]
   336 | D        | Lost mutation: Your muscles are strong. (Str +4, Int/Dex
                  | -1) [potion of mutation]
   336 | D        | Gained mutation: Your muscles are strong. (Str +4, Int/Dex
                  | -1) [potion of mutation]
   336 | D        | Gained mutation: Your mind is acute. (Int +4, Str/Dex -1)
                  | [potion of mutation]
   336 | D        | Lost mutation: Your mind is acute. (Int +4, Str/Dex -1)
                  | [potion of mutation]
   337 | D        | Lost mutation: Your muscles are strong. (Str +4, Int/Dex
                  | -1) [potion of mutation]
   337 | D        | Gained mutation: You are robust. (+10% HP) [potion of
                  | mutation]
   337 | D        | Gained mutation: You are strong-willed. (Will+) [potion of
                  | mutation]
   338 | D        | Lost mutation: You are robust. (+10% HP) [potion of
                  | mutation]
   338 | D        | Lost mutation: You are strong-willed. (Will+) [potion of
                  | mutation]
   338 | D        | Gained mutation: Your body sometimes deteriorates upon
                  | taking damage. [potion of mutation]
   339 | D        | Lost mutation: Your body sometimes deteriorates upon taking
                  | damage. [potion of mutation]
   339 | D        | Gained mutation: Your movements are slightly less
                  | encumbered by armour. (ER -2) [potion of mutation]
   339 | D        | Gained mutation: Your flesh is cold resistant. (rC+)
                  | [potion of mutation]
   479 | D        | Noticed a water elemental
   486 | D        | Killed a water elemental
   487 | D        | Reached skill level 7 in Long Blades
   487 | D        | Reached XP level 4. HP: 27/47 MP: 3/3
   668 | D        | Found a basalt altar of Yredelemnul.
   668 | D        | Found a shadowy altar of Dithmenos.
   668 | D        | Found a sacrificial altar of Ru.
   668 | D        | Noticed a necrophage
   675 | D        | Killed a necrophage
   676 | D        | Reached skill level 9 in Long Blades
   676 | D        | Reached XP level 5. HP: 53/53 MP: 4/4
   676 | D        | Reached *** piety under Trog
   826 | D        | Found a hide-covered altar of Uskayaw.
   826 | D        | Found an iron altar of Okawaru.
   828 | D        | Found a bloodstained altar of Trog.
   828 | D        | Found an ornate altar of the Wu Jian Council.
   828 | D        | Noticed a human
   828 | D        | Noticed a human
   833 | D        | Killed a human
   834 | D        | Reached skill level 11 in Long Blades
   834 | D        | Reached skill level 5 in Dodging
   834 | D        | Reached XP level 6. HP: 66/66 MP: 5/5
   840 | D        | Killed a human
   841 | D        | Reached skill level 10 in Fighting
   841 | D        | Reached skill level 12 in Long Blades
   841 | D        | Reached skill level 5 in Armour
   875 | D        | Found a radiant altar of Vehumet.
   877 | D        | Found a shimmering blue altar of Sif Muna.
   877 | D        | Found an ancient bone altar of Kikubaaqudgha.
   879 | D        | Reached **** piety under Trog
   931 | D        | Found a glowing silver altar of Zin.
   933 | D        | Found a glowing golden altar of the Shining One.
   933 | D        | Found a white marble altar of Elyvilon.
   933 | D        | Noticed a deep elf pyromancer
   946 | D        | Killed a deep elf pyromancer
   946 | D        | Reached ***** piety under Trog
   947 | D        | Reached skill level 14 in Long Blades
   947 | D        | Reached XP level 7. HP: 73/77 MP: 6/6
   958 | D        | Noticed a shadow
   965 | D        | Killed a shadow
   965 | D        | Splashed by a jelly's acid

Illustrated notes

Levels and vault maps discovered:
D:        dungeon_sprint_mu [sprint_mu_entry_forest, sprint_mu_temple_rooms,
          sprint_mu_d1_spiders, sprint_mu_d2_genie, sprint_mu_d3_branching,
          sprint_mu_orc_legion, sprint_mu_elf_gauntlet, sprint_mu_hive_nellie,
          sprint_mu_lair_fedhas, sprint_mu_vaults_butterflies,
          sprint_mu_slime_circle, sprint_mu_shoals_archi,
          sprint_mu_snake_twists, sprint_mu_blade_basic,
          sprint_mu_crypt_fortress, sprint_mu_tomb_spiral,
          sprint_mu_vestibule_basic, sprint_mu_gehenna_hellfire,
          sprint_mu_dis_giant, sprint_mu_tartarus_statrot,
          sprint_mu_cocytus_islands, sprint_mu_zot1]

Skill      XL: |  1  2  3  4  5  6 |
---------------+-------------------+-----
Fighting       | 5 7 8 9 12 | 12.1
Long Blades    | 5 6 7 9 11 14 | 14.5
Armour         | 3 4 6 |  6.0
Dodging        | 3 4 5 7 |  7.1
Stealth        | |  0.4

Action                   |  1- 3 |  4- 6 |  7- 9 || total
-------------------------+-------+-------+-------++-------
Melee: Falchion          |    29 |    29 |       ||    58
       Headbutt          |     2 |     2 |       ||     4
       Punch             |     1 |       |       ||     1
       Long sword        |       |       |     7 ||     7
Invok: Berserk           |     2 |     4 |       ||     6
  Use: Potion            |     5 |       |       ||     5
Armor: Animal skin       |     1 |     1 |       ||     2
       Ring mail         |       |     4 |     4 ||     8
Dodge: Dodged            |    20 |    11 |     1 ||    32
